 Dungeon Crawl Stone Soup version 0.31-a0-774-g0d66cbabe8 (webtiles) character file.

Game seed: 10234485514139935072

310 quakins the Merchant of Misery (level 6, -9/21 (45) HPs)
             Began as a Ghoul Necromancer on Sept 17, 2023.
             Was a Believer of Kikubaaqudgha.
             Mangled by an ogre
             ... wielding a +0 giant spiked club
              (30 damage)
             ... on level 4 of the Dungeon.
             The game lasted 00:12:05 (4781 turns).

quakins the Merchant of Misery (Ghoul Necromancer)  Turns: 4781, Time: 00:12:06

HP:   -9/21 (45)    AC:  7    Str: 12    XL:     6   Next: 41%
MP:   5/9           EV: 12    Int: 12    God:    Kikubaaqudgha [**....]
Gold: 55            SH:  0    Dex:  9    Spells: 6/11 levels left

rFire   + . .        t - +0 club (spect)
rCold   + . .        (no shield)
rNeg    + + +        o - +2 robe {rF+}
rPois   ∞            (no helmet)
rElec   .            m - +1 cloak
rCorr   .            (no gloves)
SInv    .            i - +0 pair of boots
Will    .....        (no amulet)
Stlth   ++           (no ring)
HPRegen 0.00/turn    (no ring)
MPRegen 0.11/turn

%: no passive effects
@: inhibited regen, extremely drained
A: claws 1, cold resistance 1, negative energy resistance 3, inhibited
regeneration, torment resistance 2, devour on kill
a: Renounce Religion, Unearth Wretches


You were on level 4 of the Dungeon.
You worshipped Kikubaaqudgha.
Kikubaaqudgha was pleased with you.
You visited 1 branch of the dungeon, and saw 4 of its levels.

You collected 55 gold pieces.

Inventory:

Hand Weapons
 t - a +0 spectral club (weapon)
Armour
 i - a +0 pair of boots (worn)
 m - a +1 cloak (worn)
 o - a +2 robe of fire resistance (worn)
Wands
 j - a wand of paralysis (14)
Scrolls
 a - a scroll of enchant armour {unknown}
 c - 3 scrolls of revelation
 d - a scroll of amnesia
 f - a scroll of fog {unknown}
 g - a scroll of butterflies {unknown}
 h - a scroll of poison {unknown}
Potions
 b - a potion of magic
 e - 3 potions of lignification {unknown}
 k - a potion of cancellation {unknown}
 l - 4 potions of curing {unknown}
 p - a potion of ambrosia {unknown}
 q - a potion of resistance {unknown}
 r - a potion of invisibility {unknown}
 s - a potion of might {unknown}
 u - a potion of heal wounds {unknown}


   Skills:
 - Level 1.7 Dodging
 - Level 2.1 Stealth
 - Level 3.0 Spellcasting
 + Level 6.9 Necromancy


You had 6 spell levels left.
You knew the following spells:

 Your Spells              Type           Power      Damage    Failure   Level
a - Necrotise             Necr           72%        1d7       1%          1
b - Kiss of Death         Conj/Necr      40%        2d8       6%          1
c - Vampiric Draining     Necr           18%        2d7       4%          3

Your spell library contained the following spells:

 Spells                   Type           Power      Damage    Failure   Level
 Cigotuvi's Dreadful Rot  Necr/Pois/Air  14%        N/A       14%         2
 Animate Dead             Necr           18%        N/A       14%         4
 Sandblast                Erth           2%         2d4       24%         1
 Passwall                 Tmut/Erth      0%         N/A       36%         2
 Agony                    Necr           18%        N/A       36%         5
 Ignite Poison            Fire/Tmut/Pois 1%         N/A       58%         3
 Stone Arrow              Conj/Erth      2%         3d7       58%         3
 Brom's Barrelling Bould  Conj/Erth      1%         2d3       94%         4
 Freezing Cloud           Conj/Ice/Air   0%         6-21      100%        5


Dungeon Overview and Level Annotations

Branches:
Dungeon (4/15)
 Temple: D:4-7

Altars:
Kikubaaqudgha
Ru

Shops:
D:4 [

Annotations:
D:2 1 runed translucent door, Crazy Yiuf


Innate Abilities, Weirdness & Mutations

You are immune to poison.
You have sharp fingernails.
Your flesh is cold resistant. (rC+)
You are immune to negative energy. (rN+++)
You do not regenerate when monsters are visible.
You are immune to unholy pain and torment.
You thrive by killing the living.


Message History

Okay, then.
You drop a maw talisman.
There is an escape hatch in the ceiling here.
There is an entrance to Zismiuty's Armour Shoppe here.
Found a stone staircase leading down.
There is a stone staircase leading down here.
Found a falchion.
You see here a +0 falchion.
c - 3 scrolls of revelation (gained 1)
An ogre comes into view. It is wielding a +0 giant spiked club.
The ogre shouts!
You hear a shout!
A goblin comes into view. It is wielding a +0 dagger.
There are monsters nearby!
Kikubaaqudgha calls piteous wretches from the earth!
A hobgoblin and a two-headed ogre come into view.
The helpless two-headed ogre fails to defend itself.
You hit the two-headed ogre but do no damage.
The two-headed ogre is almost dead.
A nearby hobgoblin perishes wretchedly.
A nearby two-headed ogre perishes wretchedly.
The ogre closely misses you. The ogre attacks as it pursues you!
The ogre closely misses you.
You see here a two-headed ogre corpse.
Okay, then.
Aiming: Necrotise (safe; 1% risk of failure)
Press: ? - help, Q - select action, (/) - cycle Shift-Dir - straight line, f - ogre
Aim: an ogre, wielding a +0 giant spiked club (chance to affect: 76%)
The ogre writhes in agony.
Casting: Necrotise (safe; 1% risk of failure)
Confirm with . or Enter, or press ? or * to list all spells.
Aiming: Kiss of Death (safe; 6% risk of failure)
Press: ? - help, Shift-Dir - straight line, f/p - ogre
Aim: an ogre, wielding a +0 giant spiked club (lightly wounded, 100% to hit)
The negative energy hits the ogre!
The ogre is drained!
The ogre is heavily wounded.
You feel drained.
The ogre hits you with a +0 giant spiked club!!
Ouch! That really hurt!
You die...
Kikubaaqudgha rasps: "You have failed me!
Welcome... oblivion!"

#.....## ##.>..### #
##.....)#####.###...###
##...###..##..##
##..... #..### ##....##
##.... #.## ##..##
#...## ### ##..##
#.#### ##....# #.#
##..##..# #.# ##@.##
#....# ##O### #...#
##..# ..## #.g## ..#
#.†## .. ##†.###
###..### ###g.# ##..#


You could see an ogre (drained) and a goblin.

Vanquished Creatures
  An orc priest (D:3)
  A jelly (D:4)
  Jessica (D:2)
  Ijyb (D:3)
  Natasha (D:1)
  Terence (D:2)
  4 adders
  3 worms
  7 orcs
  6 bats
  4 endoplasms
  4 giant cockroaches
  4 goblins
  8 hobgoblins
  3 jackals (D:1)
  9 kobolds
  5 quokkas
  4 ball pythons
  3 frilled lizards
  6 rats
76 creatures vanquished.

Vanquished Creatures (collateral kills)
  An orc wizard (D:3)
  A rat (D:1)
2 creatures vanquished.

Vanquished Creatures (others)
  A two-headed ogre (D:4)
  A hobgoblin (D:4)
2 creatures vanquished.

Grand Total: 80 creatures vanquished

Notes
Turn   | Place    | Note
-------+----------+-------------------------------------------
     0 | D:1      | quakins the Ghoul Necromancer began the quest for the Orb.
     0 | D:1      | Reached XP level 1. HP: 14/14 MP: 2/2
   242 | D:1      | Reached XP level 2. HP: 20/20 MP: 0/4
   553 | D:1      | Found a faded altar of an unknown god.
   564 | D:1      | Prayed at the altar of an unknown god.
   564 | D:1      | Became a worshipper of Kikubaaqudgha
   564 | D:1      | Reached * piety under Kikubaaqudgha
   564 | D:1      | Received a gift from Kikubaaqudgha
   567 | D:1      | Learned a level 1 spell: Kiss of Death
  1026 | D:1      | Reached XP level 3. HP: 23/23 MP: 3/5
  1216 | D:1      | Learned a level 3 spell: Vampiric Draining
  1363 | D:2      | Reached skill level 5 in Necromancy
  1464 | D:2      | Noticed Natasha
  1563 | D:1      | Killed Natasha
  1564 | D:1      | Reached XP level 4. HP: 13/33 MP: 0/6
  1891 | D:2      | Noticed Jessica
  1903 | D:2      | Killed Jessica
  1993 | D:2      | Reached skill level 6 in Necromancy
  2069 | D:2      | Noticed Terence
  2093 | D:2      | Killed Terence
  2093 | D:2      | Reached ** piety under Kikubaaqudgha
  2094 | D:2      | Reached XP level 5. HP: 19/30 MP: 1/7
  2278 | D:2      | Found a runed translucent door.
  2279 | D:2      | Noticed Crazy Yiuf
  3677 | D:3      | Found a sacrificial altar of Ru.
  3958 | D:3      | Reached XP level 6. HP: 34/36 MP: 3/8
  4164 | D:3      | Noticed Ijyb
  4182 | D:3      | Paralysed by Ijyb for 4 turns
  4191 | D:3      | Killed Ijyb
  4602 | D:4      | Found Zismiuty's Armour Shoppe.
  4781 | D:4      | Mangled by an ogre

Illustrated notes

Levels and vault maps discovered:
D:1:      dpeg_arrival_solitude, layout_basic,
          shapermc_ecumenical_altar_notcrosses
D:2:      layout_basic, uniq_terence, uniq_jessica, uniq_natasha,
          uniq_crazy_yiuf_cottage
D:3:      minmay_evil_eye, layout_loops_ring, nicolae_ru_path_of_blood,
          minivault_24, grunt_ministairs_4, uniq_ijyb
D:4:      layout_layer_cave, serial_shops, nicolae_shop_statue_plus, shop, shop,
          shop, nicolae_shop_vocational

Skill      XL: |  1  2  3  4  5  6 |
---------------+-------------------+-----
Spellcasting   | 2 3 |  3.0
Necromancy     | 5 6 |  6.9
Dodging        | |  1.7
Stealth        | |  2.1

Action                     |  1- 3 |  4- 6 || total
---------------------------+-------+-------++-------
  Melee: Unarmed           |    36 |    24 ||    60
         Club              |       |     9 ||     9
   Cast: Necrotise         |    58 |   101 ||   159
         Kiss of Death     |     1 |     6 ||     7
         Vampiric Draining |     2 |     2 ||     4
 Invoke: Unearth Wretches  |       |     1 ||     1
    Use: Scroll            |       |     2 ||     2
   Stab: Paralysed         |       |     1 ||     1
 Armour: Robe              |    26 |    32 ||    58
  Dodge: Dodged            |    33 |    30 ||    63

Table legend: (Time is in decaauts)
 A = Elapsed time spent in this place.
 B = Non-inter-level travel time spent in this place.
 C = Inter-level travel time spent in this place.
 D = Time resting spent in this place.
 E = Time spent auto-exploring this place.
 F = Levels seen in this place.
 G = Mean time per level.
                   A        B        C        D        E       F      G
               +--------+--------+--------+--------+--------+-----+--------+
         Total |   4806 |   4567 |    239 |    351 |   3534 |   4 | 1201.5 |
       Dungeon |   4806 |   4567 |    239 |    351 |   3534 |   4 | 1201.5 |
               +--------+--------+--------+--------+--------+-----+--------+

Top non-repeatable levels by time:
     D:1: 1575 daAuts
     D:2: 1528 daAuts
     D:3: 1421 daAuts
     D:4: 282 daAuts
